AoeStats
← Dovalle95

Arabia

509982755Analyzed
1v1 RM · 2d ago on Sep 28, 2026· 51m 1s· 2 players
Game mode
Random Map
Map size
Tiny (2 player)
Population
200
Speed
Normal
Resources
Standard
Victory
Conquest
Starting age
Dark Age
Ending age
Imperial Age
RankedLock teamsTeams togetherTeam positionsShared explorationLock speedFull tech treeHidden civsTurbo modeCheats
Victory
Defeat
🇨🇴 Dravidians · Colombia
903
+15
🇺🇸 Bohemians · United States
880
-15
SpacyBabushka
5:48 Loom
10:46 Feudal Age
12:41 Double-Bit Axe
12:37 Horse Collar
20:09 Castle Age
21:45 Wheelbarrow
21:56 Bow Saw
22:08 Heavy Plow
27:01 Hand Cart
30:41 Imperial Age
29:04 Wagenburg Tactics
31:58 Conscription
32:42 Elite Hussite Wagon
33:41 Siege Engineers
34:01 Ballistics
36:25 Scale Mail Armor
36:35 Forging
37:22 Chain Mail Armor
37:39 Pikeman
38:19 Squires
40:04 Chemistry
38:48 Halberdier
41:32 Plate Mail Armor
41:37 Iron Casting
40:52 Fletching
41:03 Padded Archer Armor
43:48 Arson
45:05 Blast Furnace
44:01 Bodkin Arrow
Dovalle95
7:46 Loom
10:36 Feudal Age
13:22 Double-Bit Axe
13:20 Horse Collar
17:50 Castle Age
18:25 Wheelbarrow
17:36 Town Watch
19:06 Bow Saw
18:59 Heavy Plow
19:17 Husbandry
21:55 Light Cavalry
24:59 Scale Barding Armor
25:05 Forging
24:57 Scale Mail Armor
27:50 Hand Cart
31:38 Imperial Age
30:46 Chain Barding Armor
30:42 Chain Mail Armor
33:17 Iron Casting
36:17 Blast Furnace
35:47 Plate Mail Armor
34:41 Pikeman
37:20 Two-Man Saw
37:46 Wootz Steel
37:27 Halberdier
43:25 Elite Urumi Swordsman
Connection lost

Rejoining the realm…

Still unreachable

The connection could not be restored.

Session expired

The server has moved on; the page needs a fresh start.